cohdb
Replays
Latest Replays
All Replays
Popular Replays
Top Player Replays
Match Explorer
How It Works
Community
CoH3 Stats
Reddit
Sign in to upload your games and track your stats! →
Sign in with Steam
Match 40185996
Unlisted
Match 40185996
Overview
Messages
Build Orders
End
Construct Barracks
1⁄4-ton 4x4 Truck
Riflemen Squad
Engineer Squad
Riflemen Squad
Grenade Package
Riflemen Squad
Construct Weapon Support Center
Selects Heavy Weapons
Selects Assault Carriers
Infantry Support Center
Construct Motor Pool
wila
QGD
LittleFatty233
7sv7jhgu
KuruKuru
吊锤石乐志
xuxiaoqi9
Sobieski
0
0
Comments
sign in to comment!
No comments posted yet!